 Dungeon Crawl Stone Soup version 0.28-a0-664-gc179e30c89 (webtiles) character file.

Game seed: 15305350845467179935

240 ytrimaz the Ducker (level 6, -1/42 HPs)
             Began as an Octopode Fighter on Oct 16, 2021.
             Slain by an endoplasm (2 damage)
             ... on level 3 of the Dungeon.
             The game lasted 00:04:24 (2590 turns).

ytrimaz the Ducker (Octopode Fighter)               Turns: 2590, Time: 00:04:24

Health: -1/42      AC:  1    Str: 13 (14) XL:     6   Next: 8%
Magic:  6/6        EV: 16    Int:  7 (10) God:
Gold:   97         SH:  5    Dex: 18 (19) Spells: 5/5 levels left

rFire   + . .      SeeInvis .   a - +0 rapier
rCold   + . .      Faith    .   b - +0 buckler
rNeg    + . .      Spirit   .   (helmet restricted)
rPois   +          Reflect  .   (no amulet)
rElec   +          Harm     .   e - ring of positive energy
rCorr   +          Rampage  .   i - +6 ring of dexterity
Will    .....                   (no ring)
Stlth   +++.......              (no ring)
HPRegen 0.14/turn               (no ring)
MPRegen 0.10/turn               (no ring)
                                (no ring)
                                (no ring)

@: resistant, flying
A: almost no armour, amphibious, 8 rings, camouflage 1, gelatinous body 1,
(nimble swimmer 1), tentacles, electricity resistance, weak 1, MP-powered wands
a: no special abilities


You were on level 3 of the Dungeon.
You visited 1 branch of the dungeon, and saw 3 of its levels.

You collected 97 gold pieces.

Inventory:

Hand Weapons
 a - a +0 rapier (weapon)
Armour
 b - a +0 buckler (worn)
 l - a +0 tower shield
Jewellery
 e - a ring of positive energy (left tentacle)
 i - a +6 ring of dexterity (right tentacle)
Wands
 c - a wand of acid (8)
 p - a wand of polymorph (10)
Scrolls
 g - a scroll of amnesia {unknown}
 h - 2 scrolls of identify {unknown}
 m - a scroll of immolation {unknown}
 n - a scroll of blinking {unknown}
 o - a scroll of fear {unknown}
 q - a scroll of fog {unknown}


   Skills:
 - Level 3.0 Fighting
 - Level 2.0 Short Blades
 * Level 6.0 Dodging
 - Level 4.0 Shields


You had 5 spell levels left.
You didn't know any spells.
Your spell library contained the following spells:

 Spells                   Type           Power      Damage    Failure   Level
 Corpse Rot               Necr/Air       N/A        N/A       56%         2
 Poisonous Vapours        Pois/Air       0%         N/A       56%         2
 Chain Lightning          Conj/Air       0%         N/A       100%        9
 Fire Storm               Conj/Fire      0%         5d1       100%        9
 Shatter                  Erth           0%         3d5*      100%        9


Dungeon Overview and Level Annotations

Branches:
Dungeon (3/15)

Altars:


Innate Abilities, Weirdness & Mutations

You cannot wear most types of armour.
You are amphibious.
You can wear up to eight rings at the same time.
Your skin changes colour to match your surroundings (Stealth+).
Your rubbery body absorbs attacks. (AC +1, EV +1)
((You are camouflaged near water. (Stealth+)))
You have tentacles for arms and can constrict up to eight enemies at once.
You are resistant to electric shocks. (rElec)
You are weak. (Str -2)
You expend magic power (3 MP) to strengthen your wands.


Message History

You constrict the orc priest.
The orc priest hits you from afar with a +0 trident!
The endoplasm closely misses you. The orc priest misses you.
The orc priest hits you from afar with a +0 trident.
You hit the orc priest but do no damage.
You squeeze the orc priest!
The orc priest is severely wounded.
You constrict the orc priest.
You kill the orc priest!
You block the endoplasm's attack. The orc priest completely misses you.
The endoplasm hits you.
Your Dodging skill increases to level 6!
You have reached level 6!
Your experience leads to an increase in your attributes!
Your base attributes are Str 16, Int 10, Dex 12.
Increase (S)trength, (I)ntelligence, or (D)exterity?
You feel agile.
Unknown command.
It was a potion of flight.
You feel very buoyant.
You fly up into the air.
The orc priest invokes the aid of Beogh against you.
Beogh smites you!
* * * LOW HITPOINT WARNING * * *
The endoplasm hits you.
* * * LOW HITPOINT WARNING * * *
It was a potion of degeneration.
There was something very wrong with that liquid.
You feel weakened.
You feel dopey.
You feel clumsy. The orc priest misses you. You block the endoplasm's attack.
It was a potion of mutation.
You feel extremely strange.
You feel weaker.
You feel your magical essence link to the dungeon's wands.
You feel insulated. The orc priest closely misses you. The endoplasm hits you.
* * * LOW HITPOINT WARNING * * *
It was a potion of resistance.
You feel protected. The orc priest barely misses you. The endoplasm hits you.
You die...

#### ## ...# ..
##.# .# #.# .# #.#
.### #.# .o.
#.##############J#
#.............)@)#
##################


You could see an orc priest and an endoplasm.

Vanquished Creatures
  2 orc priests (D:3)
  2 orc wizards (D:3)
  3 gnolls (D:2)
  3 adders (D:3)
  4 worms
  5 orcs (D:3)
  2 bats
  5 endoplasms
  3 giant cockroaches
  3 goblins
  A hobgoblin (D:2)
  12 jackals (D:3)
  4 quokkas
  2 ball pythons
  A frilled lizard (D:1)
  2 kobolds
  7 rats
61 creatures vanquished.

Vanquished Creatures (others)
  A demonic plant (D:1)
  A plant (D:1)
2 creatures vanquished.

Grand Total: 63 creatures vanquished

Notes
Turn   | Place    | Note
-------+----------+-------------------------------------------
     0 | D:1      | ytrimaz the Octopode Fighter began the quest for the Orb.
     0 | D:1      | Reached XP level 1. HP: 16/16 MP: 1/1
    81 | D:1      | Found a faded altar of an unknown god.
   241 | D:1      | Reached XP level 2. HP: 21/21 MP: 2/2
   808 | D:2      | Reached XP level 3. HP: 26/26 MP: 3/3
  1389 | D:2      | Reached XP level 4. HP: 31/31 MP: 4/4
  1530 | D:3      | Reached skill level 4 in Dodging
  2236 | D:3      | Reached XP level 5. HP: 32/36 MP: 5/5
  2312 | D:3      | Reached skill level 5 in Dodging
  2587 | D:3      | Reached skill level 6 in Dodging
  2587 | D:3      | Reached XP level 6. HP: 16/42 MP: 6/6
  2589 | D:3      | Gained mutation: You are weak. (Str -2) [potion of
                  | mutation]
  2589 | D:3      | Gained mutation: You expend magic power (3 MP) to
                  | strengthen your wands. [potion of mutation]
  2589 | D:3      | Gained mutation: You are resistant to electric shocks.
                  | (rElec) [potion of mutation]
  2589 | D:3      | HP: 1/42 [endoplasm (2)]
  2590 | D:3      | Slain by an endoplasm

Illustrated notes

Levels and vault maps discovered:
D:1:      kennysheep_arrival_seaside, layout_rooms, shapermc_ecumenical_altar_gd
D:2:      layout_rooms
D:3:      layout_loops_ring

Skill      XL: |  1  2  3  4  5 |
---------------+----------------+-----
Dodging        | 4 6 |  6.0
Shields        | 4 |  4.0
Fighting       | |  3.0
Short Blades   | |  2.0

Action                   |  1- 3 |  4- 6 || total
-------------------------+-------+-------++-------
Melee: Rapier            |    50 |    67 ||   117
       Constrict         |    17 |    17 ||    34
       Tentacles         |    13 |    18 ||    31
  Use: Potion            |       |     5 ||     5
 Stab: Sleeping          |     5 |     4 ||     9
Armor: Skin              |     2 |     6 ||     8
Dodge: Dodged            |    26 |    49 ||    75
Block: Buckler           |     9 |    20 ||    29

Table legend: (Time is in decaauts)
 A = Elapsed time spent in this place.
 B = Non-inter-level travel time spent in this place.
 C = Inter-level travel time spent in this place.
 D = Time resting spent in this place.
 E = Time spent auto-exploring this place.
 F = Levels seen in this place.
 G = Mean time per level.
                   A        B        C        D        E       F      G
               +--------+--------+--------+--------+--------+-----+--------+
         Total |   2602 |   2515 |     87 |    661 |   1318 |   3 |  867.3 |
       Dungeon |   2602 |   2515 |     87 |    661 |   1318 |   3 |  867.3 |
               +--------+--------+--------+--------+--------+-----+--------+

Top non-repeatable levels by time:
     D:3: 1053 daAuts
     D:2: 946 daAuts
     D:1: 602 daAuts
